 Dungeon Crawl Stone Soup version 0.25.0-9-g26727b657a (webtiles) character file.

Game seed: 2777881915973742046

2086 Dani the Martial Artist (level 9, 0/79 HPs)
             Began as an Octopode Arcane Marksman on June 22, 2020.
             Was an Initiate of Gozag.
             Slain by a sky beast (6 damage)
             ... on level 6 of the Dungeon.
             The game lasted 00:30:18 (10210 turns).

Dani the Martial Artist (Octopode Arcane Marksman) Turns: 10210, Time: 00:30:19

Health: 0/79       AC: 24    Str:  9 (12) XL:     9   Next: 27%
Magic:  12/12      EV:  2    Int: 14 (15) God:    Gozag
Gold:   570        SH:  0    Dex: 11 (13) Spells: 9/10 levels left

rFire    . . .     SeeInvis .     - Unarmed
rCold    . . .     Gourm    .   (no shield)
rNeg     + + +     Faith    .   (helmet currently unavailable)
rPois    +         Spirit   .   (no amulet)
rElec    .         Reflect  .   m - ring of protection from magic
rCorr    .         Harm     .   n - ring of wizardry
MR       +....     NoTele   +   (no ring)
Stlth    +++.......             (no ring)
HPRegen  0.23/turn              (no ring)
MPRegen  0.13/turn              (no ring)
                                (no ring)
                                (no ring)

@: brilliant, tree-form, hasted, very quick
A: almost no armour, stealthy swim, (amphibious), 8 rings, (constrict 8)
a: Potion Petition, Call Merchant, Bribe Branch, Renounce Religion


You were on level 6 of the Dungeon.
You worshipped Gozag.
Gozag was pleased with you.
You were not hungry.
You were a tree.
You visited 2 branches of the dungeon, and saw 8 of its levels.

You collected 595 gold pieces.
You paid 25 gold pieces to Gozag.

Inventory:

Hand Weapons
 a - a +2 hand crossbow
 f - a +0 spear
 h - a +0 trident
Missiles
 c - 25 bolts
 u - 4 javelins
 v - 12 poisoned darts (quivered)
Jewellery
 m - a ring of protection from magic (left branch)
 n - a ring of wizardry (right branch)
 y - an uncursed ring of flight
Wands
 s - a wand of paralysis (9)
Scrolls
 o - a scroll of random uselessness {unknown}
 p - a scroll of magic mapping {unknown}
 r - 3 scrolls of identify
Potions
 b - 2 potions of curing
 e - a potion of flight
 g - 2 potions of cancellation
 j - a potion of brilliance
 k - a potion of mutation
 q - a potion of ambrosia
 x - a potion of might {unknown}
 z - a potion of invisibility {unknown}
Comestibles
 d - 10 rations


   Skills:
 - Level 1.0 Fighting
 - Level 5.0 Crossbows
 - Level 2.0 Dodging
 - Level 5.0 Stealth
 * Level 9.1 Unarmed Combat
 - Level 1.0 Spellcasting
 - Level 3.0 Hexes
 - Level 5.0 Evocations


You had 9 spell levels left.
You knew the following spells:

 Your Spells              Type           Power        Failure   Level  Hunger
a - Corona                Hex            ##.....      3%          1    None

Your spell library contained the following spells:

 Spells                   Type           Power        Failure   Level  Hunger
 Slow                     Hex            ##......     4%          2    None
 Inner Flame              Hex/Fire       #.......     16%         3    None
 Portal Projectile        Hex/Tloc       #.....       16%         3    None
 Cause Fear               Hex            ##........   28%         4    None
 Leda's Liquefaction      Hex/Erth       #.........   45%         4    None


Dungeon Overview and Level Annotations

Branches:
Dungeon (7/15)             Temple (1/1) D:4

Altars:
Ashenzari
Cheibriados
Dithmenos
Elyvilon
Fedhas
Gozag
Hepliaklqana
Kikubaaqudgha
Makhleb
Nemelex Xobeh
Okawaru
Qazlal
Ru
Sif Muna
Trog
Uskayaw
Wu Jian
Xom
Yredelemnul
Zin
The Shining One

Annotations:
D:4 Natasha
D:5 exclusions: slave and 3 more exclusions
D:6 1 runed translucent door, Skimidon's ghost, novice SpGl


Innate Abilities, Weirdness & Mutations

You cannot wear most types of armour.
You are very stealthy in the water. (Stealth+)
((You are amphibious.))
You can wear up to eight rings at the same time.
((You can use your tentacles to constrict eight enemies at once.))
((Your skin changes colour to match your surroundings (Stealth+).))
((Your rubbery body absorbs attacks. (AC +1, EV +1)))


Message History

Really quaff the potion of lignification?
You turn into a tree.
Your roots penetrate the ground.
Something hits you but does no damage.
It was a potion of brilliance.
You feel clever all of a sudden. Something hits you.
* * * LOW HITPOINT WARNING * * *
Something shocks you.
* * * LOW HITPOINT WARNING * * *
It was a potion of flight.
Your roots keep you in place.
Something hits you but does no damage.
It was a potion of degeneration.
There was something very wrong with that liquid.
You feel weakened.
You feel dopey.
You feel clumsy. Something hits you but does no damage.
It was a potion of haste.
You feel yourself speed up. Something hits you.
* * * LOW HITPOINT WARNING * * *
Something shocks you.
You die...
Your body crumbles into a pile of gold.

############.##### #.....
#......#.........# #...>.
##.###.#.###.###.#####.##
#.# #.#.#...............
#.# #.#.#...............
#.# #.#.#...............
#.###.#.##.........P≈♣≈≈
#...#.#...........≈≈PP≈P
###.#..♣.........≈≈≈≈≈≈P
#.....{.......≈P≈≈≈≈≈≈
#####.##..............
#.##(.....P≈≈P≈≈≈≈
#.##......P≈≈≈≈≈≈♣
#..........≈≈≈≈PP♣
####........≈♣♣♣♣.
#.......)......
#..............


There were no monsters in sight!

Vanquished Creatures
  Edmund (D:5)
  Duvessa (D:6)
  A black bear (D:7)
  3 ice beasts (D:6)
  A necrophage (D:6)
  2 centaurs
  2 phantoms
  Blork the orc (D:4)
  Dowan (D:6)
  A scorpion (D:4)
  3 wights (D:6)
  2 electric eels (D:6)
  A jelly (D:6)
  3 crimson imps
  2 hounds
  2 orc wizards (D:6)
  2 orc priests (D:4)
  Natasha (D:4)
  5 worker ants
  A hound skeleton (D:4)
  A gnoll (D:1)
  10 adders
  A shadow imp (D:6)
  An ooze (D:4)
  An adder zombie (D:6)
  2 adder skeletons
  2 worms (D:4)
  5 leopard geckos
  13 orcs
  8 bats
  5 giant cockroaches
  7 goblins
  5 hobgoblins
  4 jackals (D:2)
  13 kobolds
  3 quokkas
  5 frilled lizards
  A leopard gecko skeleton (D:5)
  7 rats
  3 plants (D:6)
133 creatures vanquished.

Vanquished Creatures (others)
  A black bear (D:6)
  An adder (D:6)
  An adder zombie (D:6)
  2 orcs (D:6)
  A quokka (D:6)
  A jackal skeleton (D:6)
7 creatures vanquished.

Grand Total: 140 creatures vanquished

Notes
Turn   | Place    | Note
-------+----------+-------------------------------------------
     0 | D:1      | Dani the Octopode Arcane Marksman began the quest for the
                  | Orb.
     0 | D:1      | Reached XP level 1. HP: 13/13 MP: 2/2
   110 | D:1      | Reached skill level 1 in Unarmed Combat
   116 | D:1      | Reached XP level 2. HP: 14/18 MP: 3/3
   831 | D:1      | Reached skill level 2 in Unarmed Combat
   835 | D:1      | Reached XP level 3. HP: 23/23 MP: 4/4
  1373 | D:2      | Reached XP level 4. HP: 14/28 MP: 5/5
  1664 | D:2      | Reached skill level 3 in Unarmed Combat
  3022 | D:4      | Reached XP level 5. HP: 6/33 MP: 6/6
  3814 | D:4      | Reached skill level 4 in Unarmed Combat
  4068 | D:4      | Reached XP level 6. HP: 9/38 MP: 7/7
  4343 | D:4      | Found a staircase to the Ecumenical Temple.
  4344 | D:4      | Noticed Blork the orc
  4364 | Temple   | Entered the Ecumenical Temple
  4572 | Temple   | Became a worshipper of Gozag Ym Sagoz the Greedy
  4623 | D:4      | Killed Blork the orc
  4623 | D:4      | Reached skill level 5 in Unarmed Combat
  5521 | D:4      | Reached XP level 7. HP: 30/43 MP: 8/8
  5707 | D:4      | Noticed Natasha
  5786 | D:4      | Killed Natasha
  5994 | D:4      | Noticed Natasha
  6066 | D:5      | Entered Level 5 of the Dungeon
  6307 | D:5      | Reached skill level 1 in Stealth
  6363 | D:5      | Reached skill level 6 in Unarmed Combat
  6367 | D:5      | Reached skill level 1 in Evocations
  6893 | D:5      | Reached skill level 5 in Crossbows
  7017 | D:5      | Noticed Edmund
  7028 | D:5      | Killed Edmund
  7028 | D:5      | Reached XP level 8. HP: 48/48 MP: 9/9
  7117 | D:6      | Reached skill level 7 in Unarmed Combat
  7294 | D:6      | Found a runed translucent door.
  7297 | D:6      | Noticed Skimidon's ghost (novice SpGl)
  8216 | D:6      | Reached skill level 5 in Stealth
  8216 | D:6      | Reached skill level 8 in Unarmed Combat
  9012 | D:6      | Reached XP level 9. HP: 33/53 MP: 12/12
  9351 | D:6      | Noticed Dowan
  9354 | D:6      | Noticed Duvessa
  9731 | D:6      | Killed Duvessa
  9734 | D:6      | Killed Dowan
  9734 | D:6      | Reached skill level 9 in Unarmed Combat
 10060 | D:6      | Found a shimmering altar of Xom.
 10176 | D:7      | Found a basalt altar of Yredelemnul.
 10193 | D:7      | Reached skill level 5 in Evocations
 10210 | D:6      | Slain by a sky beast

Illustrated notes

Levels and vault maps discovered:
D:1:      tarquinn_simple_flora_water_b, layout_loops_corners,
          chequers_serial_rivers_micro_e, hangedman_decor_clover_reticule
D:2:      layout_basic
D:3:      layout_loops_ring
D:4:      kennysheep_six_static_rooms, layout_basic,
          minmay_temple_entry_drinking_statues, uniq_blork_the_orc, uniq_natasha
D:5:      layout_rooms, first_ration, uniq_edmund, uniq_pikel
D:6:      layout_basic, serial_bayou, serial_bayou_pond_e, serial_bayou_pond_e,
          serial_bayou_lagoon_b, serial_bayou_pond_a, ebering_ghost_sewer_d,
          xom_confusion_cloud, uniq_duvessa
D:7:      layout_cave_pools, basic_altar
Temple:   kilobyte_greek_temple

Skill      XL: |  1  2  3  4  5  6  7  8  9 |
---------------+----------------------------+-----
Unarmed Combat | 1 2 3 4 5 6 8 9 |  9.1
Crossbows      | 3 4 5 |  5.0
Stealth        | 3 5 |  5.0
Evocations     | 2 4 5 |  5.0
Fighting       | |  1.0
Dodging        | |  2.0
Spellcasting   | |  1.0
Hexes          | |  3.0

Action                   |  1- 3 |  4- 6 |  7- 9 || total
-------------------------+-------+-------+-------++-------
Melee: Unarmed           |    60 |   172 |   192 ||   424
       Constrict         |    16 |    34 |    38 ||    88
       Spear             |    15 |       |       ||    15
       Tentacles         |    11 |    21 |    40 ||    72
       Punch             |     1 |     2 |     4 ||     7
 Fire: Hand crossbow     |     3 |     4 |    70 ||    77
Throw: Javelin           |       |       |     8 ||     8
       Dart              |       |       |    22 ||    22
Evoke: Wand              |       |       |     2 ||     2
  Use: Potion            |     2 |     2 |     8 ||    12
       Scroll            |       |    10 |     2 ||    12
 Stab: Sleeping          |     5 |     7 |     3 ||    15
       Distracted        |       |     1 |       ||     1
       Paralysed         |       |       |     6 ||     6
  Eat: Chunk             |     1 |    10 |       ||    11
       Ration            |       |     1 |     5 ||     6
Armor: Skin              |     3 |    22 |    16 ||    41
Dodge: Dodged            |    40 |   100 |    97 ||   237
